 Dungeon Crawl Stone Soup version 0.24.0-13-gcf9b319 (webtiles) character file.

Game seed: 12311205231069048181, levelgen mode: deterministic

17876 Fang the Fighter (level 12, -6/80 HPs)
             Began as a Gargoyle Berserker on Nov 25, 2019.
             Was a High Priest of Trog.
             Mangled by a 13-headed hydra (9 damage)
             ... on level 2 of the Lair of Beasts.
             The game lasted 00:13:51 (10833 turns).

Fang the Fighter (Gargoyle Berserker)              Turns: 10833, Time: 00:13:51

Health: -6/80      AC: 27    Str: 25    XL:     12   Next: 52%
Magic:  12/12      EV: 10    Int:  9    God:    Trog [*****.]
Gold:   734        SH: 12    Dex:  9    Spells: 11/11 levels left

rFire    . . .     SeeInvis +   a - +2 war axe
rCold    . . .     Gourm    .   x - +0 large shield
rNeg     + . .     Faith    .   b - +4 plate armour
rPois    ∞         Spirit   .   (no helmet)
rElec    +         Reflect  .   (no cloak)
rCorr    .         Harm     .   (no gloves)
MR       .....                  (no boots)
Stlth    ..........             w - amulet of regeneration
HPRegen  0.63/turn              v - ring of see invisible
MPRegen  0.13/turn              l - +4 ring of evasion

@: berserk cooldown, slowed, very slow
A: negative energy resistance 1, electricity resistance, unbreathing,
petrification resistance, rot immunity, AC +8
a: Berserk, Trog's Hand, Brothers in Arms, Renounce Religion


You were on level 2 of the Lair of Beasts.
You worshipped Trog.
Trog was extremely pleased with you.
You were near starving.

You visited 3 branches of the dungeon, and saw 15 of its levels.
You also visited: Sewer.

You collected 842 gold pieces.
You spent 108 gold pieces at shops.

Inventory:

Hand Weapons
 a - a +2 war axe (weapon)
Armour
 b - a +4 plate armour (worn)
 x - a +0 large shield (worn)
Jewellery
 l - a +4 ring of evasion (right hand)
 r - an uncursed ring of protection from cold
 s - an uncursed ring of protection from fire
 v - a ring of see invisible (left hand)
 w - an amulet of regeneration (around neck)
 y - an uncursed amulet of the gourmand
Wands
 t - a wand of disintegration (16)
 C - a wand of random effects (12)
 D - a wand of flame (14)
Scrolls
 f - 11 scrolls of teleportation
 i - 9 scrolls of identify
 j - a scroll of remove curse
 o - 5 scrolls of magic mapping
 q - 3 scrolls of blinking
 u - a scroll of fear
Potions
 d - 2 potions of might
 e - 2 potions of haste
 g - 2 potions of berserk rage
 h - 3 potions of agility
 k - 7 potions of curing
 m - a potion of ambrosia
 n - a potion of resistance
 p - 3 potions of flight
 A - a potion of magic
 B - a potion of mutation
Comestibles
 c - 22 rations


   Skills:
 + Level 11.4 Fighting
 + Level 9.8 Axes
 + Level 11.3 Armour
 + Level 8.8 Dodging


You had 11 spell levels left.
You didn't know any spells.
Your spell library was empty.

Dungeon Overview and Level Annotations

Branches:
Dungeon (12/15)            Temple (1/1) D:7            Lair (2/6) D:11
    Orc (0/2) D:11          Sewer (visited)
  Swamp: Lair:2-4    Shoals: Lair:2-4     Snake: Lair:2-4    Spider: Lair:2-4

Altars:
Ashenzari
Cheibriados
Dithmenos
Elyvilon
Kikubaaqudgha
Makhleb
Nemelex Xobeh
Qazlal
Ru
Trog
Vehumet
Xom
Yredelemnul
Zin

Shops:
D:5 [   D:9 *

Annotations:
Lair:2 2 transporters, wampuh's ghost, journeyman MiHu


Innate Abilities, Weirdness & Mutations

You are resistant to torment.
Your stone body is resilient. (AC +8)
You are immune to poison.
You resist negative energy. (rN+)
You are resistant to electric shocks. (rElec)
You can survive without breathing.
You are immune to petrification.
You are immune to rotting.


Message History

The 13-headed hydra bites you.
* * * LOW HITPOINT WARNING * * *
The 13-headed hydra barely misses you. You block the 13-headed hydra's attack.
The 13-headed hydra bites you but does no damage.
You block the 13-headed hydra's attack.
The 13-headed hydra barely misses you. x2
The 13-headed hydra bites you but does no damage. x4
The 13-headed hydra closely misses you.
The 13-headed hydra bites you but does no damage.
The 13-headed hydra bites you.
* * * LOW HITPOINT WARNING * * *
The 13-headed hydra bites you.
* * * LOW HITPOINT WARNING * * *
The 13-headed hydra bites you but does no damage.
You block the 13-headed hydra's attack.
The 13-headed hydra bites you but does no damage.
The 13-headed hydra closely misses you.
Your ogre hits the 13-headed hydra with a +0 giant spiked club!!!
The 13-headed hydra bites you but does no damage.
The 13-headed hydra bites you!
You die...

......#....##...........##..# #..
≈≈P≈..............#......#..###W.
≈≈≈≈.......#.....##......###i#iyi
≈≈≈..............##.......###.ii#
≈P≈≈..#....####..##.........#####
P≈P÷..#....###.#.#.#..........©..
P≈≈..............................
≈≈P..........#.#.#.#.............
≈PPP............@.>..............
≈≈≈≈.....<..(#.#D#.#.............
≈≈P...P.........O........#....#..
PP≈≈.........#.#.#.#....###.####.
............#........... .. #.
.............#.#.#.#....
.....P#.................
............#.#.# #....
#...#.....#..... ....


You could see a 13-headed hydra and a friendly ogre (berserk).

Vanquished Creatures
  Gastronok (Lair:2)
  4 two-headed ogres
  Urug (D:12)
  An unseen horror (D:11)
  A manticore (D:11)
  A guardian serpent (D:11)
  A centaur zombie (D:12)
  2 spiny frogs (Lair:1)
  A komodo dragon (Lair:2)
  A troll (shapeshifter) (D:12)
  3 trolls
  A hippogriff (D:12)
  Sigmund (D:3)
  2 basilisks
  13 yaks
  A hungry ghost (D:12)
  Menkaure (D:7)
  2 water moccasins (Lair:1)
  3 sky beasts
  2 porcupines (Lair:1)
  3 phantoms
  A black bear (D:12)
  5 orc warriors
  2 ice beasts
  11 ogres
  2 centaurs (D:6)
  3 crocodiles
  Blork the orc (D:6)
  9 big kobolds
  13 bullfrogs
  2 gnoll sergeants (D:11)
  6 killer bees (D:11)
  3 scorpions
  3 howler monkeys
  An electric eel (Lair:2)
  7 crimson imps
  2 quasits (D:5)
  6 hounds
  6 orc priests
  3 jellies
  A bullfrog skeleton (D:11)
  2 centaur skeletons
  3 iguanas
  Natasha (D:3)
  13 orc wizards
  5 worker ants
  2 hound zombies
  A hound skeleton (D:7)
  A worker ant zombie (D:10)
  8 gnolls
  A howler monkey skeleton (D:4)
  14 adders
  4 shadow imps
  2 oozes
  4 worms
  An adder skeleton (D:7)
  6 leopard geckos
  53 orcs
  12 giant cockroaches
  5 hobgoblins
  9 jackals
  6 quokkas
  9 bats
  8 frilled lizards
  A giant cockroach zombie (D:5)
  4 goblins
  A jackal skeleton (D:6)
  11 kobolds
  A leopard gecko zombie (D:5)
  A quokka zombie (D:5)
  7 rats
329 creatures vanquished.

Vanquished Creatures (collateral kills)
  A hydra (D:12)
1 creature vanquished.

Grand Total: 330 creatures vanquished

Notes
Turn   | Place    | Note
-------+----------+-------------------------------------------
     0 | D:1      | Fang the Gargoyle Berserker began the quest for the Orb.
     0 | D:1      | Reached XP level 1. HP: 14/14 MP: 1/1
   268 | D:1      | Reached XP level 2. HP: 19/19 MP: 2/2
   833 | D:2      | Reached XP level 3. HP: 23/23 MP: 3/3
  1013 | D:2      | Reached ** piety under Trog
  1101 | D:2      | Reached XP level 4. HP: 29/29 MP: 4/4
  1253 | D:2      | Found a shattered altar of Ashenzari.
  1427 | D:3      | Noticed Sigmund
  1443 | D:3      | Killed Sigmund
  1443 | D:3      | Reached XP level 5. HP: 34/34 MP: 5/5
  1443 | D:3      | Reached XP level 6. HP: 39/39 MP: 6/6
  1601 | D:3      | Found a glowing drain.
  1654 | Sewer    | Entered a sewer
  2035 | D:3      | Noticed Natasha
  2051 | D:3      | Killed Natasha
  2425 | D:4      | Reached skill level 5 in Fighting
  2852 | D:4      | Reached XP level 7. HP: 9/44 MP: 7/7
  3119 | D:4      | Found a white marble altar of Elyvilon.
  3255 | D:4      | Found a basalt altar of Yredelemnul.
  3302 | D:4      | Found an ancient bone altar of Kikubaaqudgha.
  3302 | D:4      | Found a shimmering altar of Xom.
  3332 | D:5      | Entered Level 5 of the Dungeon
  3389 | D:5      | Reached *** piety under Trog
  3566 | D:5      | Reached skill level 5 in Armour
  3878 | D:5      | Reached XP level 8. HP: 51/51 MP: 8/8
  3986 | D:5      | Found Osied Rext's Antique Armour Shoppe.
  4008 | D:5      | Bought a large shield for 108 gold pieces
  4111 | D:5      | Found a radiant altar of Vehumet.
  4237 | D:6      | Reached skill level 5 in Axes
  4310 | D:6      | Received a gift from Trog
  4374 | D:6      | Reached XP level 9. HP: 56/56 MP: 9/9
  4418 | D:6      | Noticed Blork the orc
  4440 | D:6      | Killed Blork the orc
  4523 | D:6      | Reached skill level 5 in Dodging
  4639 | D:6      | Found a sacrificial altar of Ru.
  4719 | D:6      | Found a shadowy altar of Dithmenos.
  4802 | D:7      | Noticed Menkaure
  4814 | D:7      | Killed Menkaure
  4866 | D:7      | HP: 2/85 [ogre/+0 giant spiked club (18)]
  5070 | D:7      | Found a staircase to the Ecumenical Temple.
  5089 | Temple   | Entered the Ecumenical Temple
  5198 | D:7      | Found a white marble altar of Elyvilon.
  5365 | D:7      | Found a sparkling altar of Nemelex Xobeh.
  5583 | D:8      | Reached **** piety under Trog
  5655 | D:8      | Noticed a two-headed ogre
  5668 | D:8      | Killed a two-headed ogre
  5736 | D:8      | Reached XP level 10. HP: 52/64 MP: 10/10
  6031 | D:8      | Noticed a two-headed ogre
  6033 | D:8      | Noticed a two-headed ogre
  6039 | D:8      | Killed a two-headed ogre
  6045 | D:8      | Killed a two-headed ogre
  6401 | D:9      | Found a stormy altar of Qazlal.
  6442 | D:9      | Found Aghehafe's Elemental Accessories.
  6965 | D:9      | Found a burning altar of Makhleb.
  6965 | D:9      | Noticed a blizzard demon
  7090 | D:9      | Reached ***** piety under Trog
  7284 | D:10     | Entered Level 10 of the Dungeon
  7299 | D:10     | Reached XP level 11. HP: 61/71 MP: 11/11
  8069 | D:11     | Noticed an unseen horror
  8095 | D:11     | Killed an unseen horror
  8095 | D:11     | Reached skill level 10 in Fighting
  8101 | D:11     | Noticed a manticore
  8119 | D:11     | Killed a manticore
  8329 | D:11     | Noticed a two-headed ogre
  8349 | D:11     | Killed a two-headed ogre
  8368 | D:11     | Reached skill level 10 in Armour
  8436 | D:11     | Received a gift from Trog
  8699 | D:11     | Found a staircase to the Orcish Mines.
  8853 | D:11     | Found a staircase to the Lair.
  9440 | D:12     | Reached XP level 12. HP: 73/79 MP: 12/12
  9444 | D:12     | Noticed Urug
  9455 | D:12     | Killed Urug
  9565 | D:12     | Noticed an eight-headed hydra
  9571 | D:12     | Killed an eight-headed hydra
  9696 | Lair:1   | Entered Level 1 of the Lair of Beasts
 10636 | Lair:2   | Found a transporter.
 10671 | Lair:2   | Found a transporter.
 10672 | Lair:2   | Identified the +8 demon trident of Battle {venom, Fragile
                  | rF+ rN+ Int+4}
 10672 | Lair:2   | Noticed a spriggan rider
 10758 | Lair:2   | Noticed wampuh's ghost (journeyman MiHu)
 10770 | Lair:2   | Found a bloodstained altar of Trog.
 10807 | Lair:2   | Noticed Gastronok
 10811 | Lair:2   | Noticed a seven-headed hydra
 10826 | Lair:2   | Killed Gastronok
 10832 | Lair:2   | HP: 2/80 [13-headed hydra (6)]
 10833 | Lair:2   | Mangled by a 13-headed hydra

Levels and vault maps discovered:
D:1:      tarquinn_simple_flora_water_a, layout_basic, minmay_pentomino_r4
D:2:      layout_basic, old_standard_altar
D:3:      layout_rooms, portal_sewer_entry_f, nrook_uturn, uniq_natasha,
          uniq_sigmund
D:4:      layout_loops_ring, kennysheep_ying_yang,
          gammafunk_temple_overflow_elements, first_ration,
          minmay_misc_feat_tower
D:5:      layout_cave_pools, lemuel_coloured_pillars_altar, serial_shops, shop,
          skrybe_limestone_x
D:6:      layout_rooms, grunt_dithmenos_shadows,
          nicolae_ru_the_path_less_chosen, bh_chokoban, uniq_blork_the_orc
D:7:      layout_loops_cross, kennysheep_little_box, minmay_temple_entry_arrows,
          serial_glass, glass_columns_c, glass_columns_a, glass_columns_a,
          glass_columns_c, glass_columns_b, glass_columns_a, lemuel_tele_altar,
          uniq_menkaure
D:8:      layout_gridville
D:9:      wander_river, layout_cave_pods, nicolae_qazlal_style_of_elements,
          grunt_ogre_cave, nicolae_elemental_shop, makhleb_altar_promises_db
D:10:     layout_rooms
D:11:     layout_basic, lair_entry_dummy,
          kennysheep_orc_monster_closet_entryway, minivault_19,
          nrook_guardian_serpent_ordinary
D:12:     layout_rooms, uniq_urug
Temple:   nicolae_temple_hex_pool
Lair:1:   layout_chaotic_city, lemuel_fruit_fields
Lair:2:   layout_regular_city, elwin_shoals_entry_stream,
          gammafunk_ghost_wrathful_warriors, chequers_serial_rivers_small_a,
          st_stairs_12, serial_bayou_shore_a, uniq_gastronok

Skill      XL: |  1  2  3  4  5  6  7  8  9 10 11 12 |
---------------+-------------------------------------+-----
Axes           | 3 4 5 6 8 9 |  9.8
Dodging        | 2 3 4 5 7 8 |  8.8
Fighting       | 4 5 6 8 9 10 11 | 11.4
Armour         | 3 4 5 6 7 9 10 11 | 11.3

Action                   |  1- 3 |  4- 6 |  7- 9 | 10-12 || total
-------------------------+-------+-------+-------+-------++-------
Melee: Hand axe          |   117 |   137 |       |       ||   254
       War axe           |       |    49 |   367 |   751 ||  1167
Invok: Berserk           |     1 |     3 |     5 |     7 ||    16
       Trog's Hand       |       |     1 |     1 |     1 ||     3
       Brothers in Arms  |       |       |       |     2 ||     2
  Use: Scroll            |       |       |    20 |    10 ||    30
       Potion            |       |       |       |     1 ||     1
  Eat: Chunk             |     2 |     7 |     8 |    29 ||    46
       Ration            |       |       |     2 |       ||     2
Armor: Animal skin       |     9 |       |       |       ||     9
       Chain mail        |    46 |       |       |       ||    46
       Plate armour      |    21 |   161 |   374 |   649 ||  1205
Dodge: Dodged            |    74 |   107 |    86 |   358 ||   625
Block: Large shield      |       |       |   181 |   659 ||   840
